 Dungeon Crawl Stone Soup version 0.24-a0-117-g53b5160 (console) character file.

75378 bli the Fighter (level 15, -29/139 HPs)
             Began as a Minotaur Monk on Jan 27, 2019.
             Was the Champion of Wu Jian.
             Killed from afar by a thorn hunter (47 damage)
             ... with a volley of thorns
             ... on level 2 of the Swamp on Feb 18, 2019.
             The game lasted 02:40:08 (26673 turns).

bli the Fighter (Minotaur Monk)                    Turns: 26673, Time: 02:40:09

Health: -29/139    AC: 14    Str: 20    XL:     15   Next: 9%
Magic:  20/20      EV: 19    Int: 10    God:    Wu Jian [******]
Gold:   1697       SH:  6    Dex: 17    Spells: 14/14 levels left

rFire    . . .     SeeInvis .   a - +5 falchion (holy)
rCold    + . .     Gourm    +   j - +0 buckler {rC+}
rNeg     + . .     Faith    .   u - +2 ring mail {rPois}
rPois    +         Spirit   .   S - +2 hat {Int+3}
rElec    .         Reflect  .   y - scarf {cloud immunity}
rCorr    .         Harm     .   n - +0 pair of gloves
MR       +....                  A - +2 pair of boots {Fly}
Stlth    ++++......             L - amulet of the gourmand
HPRegen  0.33/turn              Z - ring of positive energy
MPRegen  0.17/turn              E - ring of stealth

@: flying, serpent's lash
A: retaliatory headbutt, hooves 1, horns 2, blurry vision 1, deformed body, high
mp 1, strong 1, evolution 1
a: Wall Jump, Serpent's Lash, Heavenly Storm, Renounce Religion, Stop Flying


You were on level 2 of the Swamp.
You worshipped Wu Jian.
Wu Jian was exalted by your worship.
You were near starving.

You visited 4 branches of the dungeon, and saw 20 of its levels.

You collected 2041 gold pieces.
You spent 344 gold pieces at shops.

Inventory:

Hand Weapons
 a - a +5 falchion of holy wrath (weapon)
 b - the +5 short sword of the Spectre {venom, rF+ Int+7}
   (You acquired it on level 5 of the Lair of Beasts)

   It poisons the flesh of those it strikes.
   It affects your intelligence (+7).
   It protects you from fire.
Missiles
 M - 4 steel tomahawks (quivered)
Armour
 j - a +0 buckler of cold resistance (worn)
 n - a +0 pair of gloves (worn)
 t - +0 acid dragon scales
 u - a +2 ring mail of poison resistance (worn)
 y - a scarf of cloud immunity (worn)
 A - a +2 pair of boots of flying (worn)
 S - a +2 hat of intelligence (worn)
Jewellery
 k - an uncursed ring of protection from fire
 E - a ring of stealth (right hand)
 F - an uncursed ring of ice
 L - an amulet of the gourmand (around neck)
 U - an uncursed ring of poison resistance
 Z - a ring of positive energy (left hand)
Wands
 g - a wand of acid (19)
 q - a wand of digging (6)
 x - a wand of clouds (21)
 C - a wand of enslavement (7)
 D - a wand of disintegration (27)
 R - a wand of flame (9)
 W - a wand of iceblast (10)
 X - a wand of polymorph (4)
Scrolls
 d - 2 scrolls of immolation
 f - a scroll of amnesia {unknown}
 m - a scroll of blinking {unknown}
 o - a scroll of vulnerability {unknown}
 r - 6 scrolls of fog
 v - 11 scrolls of teleportation
 H - 4 scrolls of magic mapping {unknown}
 J - a scroll of fear {unknown}
 K - a scroll of brand weapon {unknown}
 P - 3 scrolls of remove curse
 Q - a scroll of torment
Potions
 e - 4 potions of lignification
 i - 2 potions of resistance
 l - 2 potions of heal wounds
 s - 2 potions of mutation
 w - 2 potions of ambrosia {unknown}
 z - 3 potions of brilliance {unknown}
 B - 3 potions of haste {unknown}
 G - 2 potions of agility {unknown}
 N - a potion of magic
 O - a potion of cancellation
 V - 2 potions of might
 Y - 3 potions of curing {unknown}
Miscellaneous
 h - a fan of gales
 p - a lamp of fire (inert)
 I - a box of beasts
Comestibles
 c - 42 rations


   Skills:
 * Level 14.4 Fighting
 * Level 12.5(14.5) Short Blades
 + Level 13.7(15.7) Long Blades
 + Level 11.3 Armour
 + Level 12.0 Dodging
 + Level 7.2 Stealth
 - Level 6.0 Shields
 + Level 6.1 Evocations


You had 14 spell levels left.
You didn't know any spells.
Your spell library contained the following spells:

 Spells                   Type           Power        Failure   Level  Hunger
 Animate Skeleton         Necr           N/A          50%         1    ##.....
 Freeze                   Ice            #...         50%         1    ##.....
 Magic Dart               Conj           #...         50%         1    ##.....
 Pain                     Necr           #...         50%         1    ##.....
 Searing Ray              Conj           #.....       63%         2    ###....
 Throw Frost              Conj/Ice       #.....       63%         2    ###....
 Dazzling Spray           Conj/Hex       #.....       86%         3    ####...
 Ozocubu's Armour         Chrm/Ice       #.......     86%         3    ####...
 Regeneration             Chrm/Necr      #.........   86%         3    ####...
 Vampiric Draining        Necr           #.........   86%         3    ####...
 Animate Dead             Necr           N/A          99%         4    #####..
 Cause Fear               Hex            #.........   99%         4    #####..
 Force Lance              Conj/Tloc      #.......     99%         4    #####..
 Fulminant Prism          Conj/Hex       #.........   99%         4    #####..
 Iskenderun's Mystic Bla  Conj           #.......     99%         4    #####..
 Summon Ice Beast         Ice/Summ       #.......     99%         4    #####..
 Throw Icicle             Conj/Ice       #.......     99%         4    #####..
 Silence                  Hex/Air        #.........   100%        5    ######.
 Yara's Violent Unravell  Hex/Tmut       #.........   100%        5    ######.
 Deflect Missiles         Chrm/Air       #.........   100%        6    #######
 Discord                  Hex            #.........   100%        8    #######


Dungeon Overview and Level Annotations

Branches:
Dungeon (11/15)            Temple (0/1) D:5            Lair (6/6) D:10
  Swamp (2/4) Lair:4        Snake (1/4) Lair:2        Slime (0/5) Lair:6
    Orc (0/2) D:11

Altars:
Fedhas
Gozag
Hepliaklqana
Kikubaaqudgha
Wu Jian
Yredelemnul
Zin
The Shining One
Jiyva

Shops:
D:9 [

Annotations:
Snake:1 Frances


Innate Abilities, Weirdness & Mutations

You reflexively headbutt those who attack you in melee.
You have a pair of horns on your head.
You have large cloven feet.
Scrolls take you a little longer to read.
Armour fits poorly on your strangely shaped body.
You have an increased reservoir of magic. (+10% MP)
Your muscles are strong. (Str +2)
You evolve.


Message History

The thorn hunter is heavily damaged.
You barely miss the thorn hunter.
You headbutt the thorn hunter, but do no damage.
The thorn hunter is heavily damaged.
The thorn hunter misses you. The thorn hunter hits you!
* * * LOW HITPOINT WARNING * * *
The thorn hunter barely misses you. You furiously retaliate!
You headbutt the thorn hunter. The thorn hunter barely misses you.
You slash the thorn hunter!
The thorn hunter is severely damaged.
You hit the thorn hunter. Your headbutt misses the thorn hunter.
The thorn hunter is severely damaged.
You block the thorn hunter's attack. The thorn hunter hits you!
* * * LOW HITPOINT WARNING * * *
Your muscles tense, ready for explosive movement...
You completely miss the thorn hunter.
The thorn hunter is severely damaged.
The thorn hunter fires a volley of thorns at you.
The volley of thorns hits you!!!
You die...

...♣♣♣≈≈≈≈≈...§≈.≈.≈≈...≈≈≈♣♣♣♣
≈≈.♣♣♣.≈≈§≈≈≈≈.≈≈..≈≈≈.§§♣♣♣
§...♣♣.≈≈≈≈≈≈≈≈≈≈..≈≈≈.♣♣♣ ♣
♣§.....≈.≈≈≈≈.........♣♣♣≈♣♣♣♣♣♣♣
♣♣≈....≈.≈≈≈≈...≈♣♣..≈.≈≈≈♣≈<..♣♣
≈♣♣≈..>...≈≈≈....♣♣.≈≈≈......§.(.
♣♣♣♣.≈........≈..♣♣≈≈≈≈≈...≈≈≈≈.≈
♣≈...≈≈≈..≈≈....♣♣.≈≈≈≈≈≈≈≈≈≈≈≈
♣♣♣.§≈≈≈≈≈≈.≈≈≈...≈♣♣≈..≈≈≈≈≈≈≈≈.
≈≈..≈≈≈≈≈≈≈≈≈≈.....♣♣♣≈..≈≈≈≈≈≈≈.
≈≈≈≈≈≈≈≈<≈≈≈≈≈♣≈@f.≈♣♣≈..≈.≈≈≈≈≈.
PPPPPPPPPP≈≈≈.♣≈.≈§.♣♣♣♣♣♣♣.≈≈≈≈≈
PPPPPPPPPP....≈.≈≈..♣♣♣♣♣ ♣.≈≈≈≈≈
P≈≈..≈≈≈≈≈.≈♣♣≈.≈≈≈.≈≈.≈♣ ♣♣...≈♣
P≈≈≈...≈≈≈.♣♣♣♣♣.≈≈≈≈≈≈.♣ ♣...♣♣
P≈≈≈.≈≈.≈≈f≈♣♣♣♣♣.≈≈≈≈≈.♣ ♣.≈.♣♣
P......♣≈≈≈≈..♣♣≈.≈≈.≈♣♣♣ ♣...≈♣
P≈.♣.≈≈♣..≈≈≈.♣♣♣≈≈≈§♣♣ ♣♣.≈.♣
≈≈≈..≈....≈≈≈.♣♣♣♣...♣♣ ♣.≈≈♣
...≈..).≈♣≈≈≈≈.♣♣≈≈≈≈.♣♣♣ ♣♣≈..
♣♣♣♣≈♣♣♣♣≈.≈≈≈....≈≈PP♣≈♣♣♣♣♣♣♣..


You could see a thorn hunter.

Vanquished Creatures
  Rupert (Lair:6)
  Gastronok (D:11)
  A fire dragon (Lair:6)
  An ice dragon (Lair:6)
  9 hydras
  An anaconda (Lair:2)
  A ghost crab (Swamp:2)
  8 alligators
  A two-headed ogre (D:11)
  7 death yaks
  3 swamp dragons
  Pikel (D:8)
  A lindwurm (Lair:6)
  5 oklob plants (Lair:5)
  12 elephants
  5 black mambas
  5 torpor snails (Lair:6)
  21 spiny frogs
  6 rime drakes
  A kobold demonologist (D:11)
  5 komodo dragons
  A queen bee (Lair:3)
  4 polar bears
  7 slime creatures
  11 hornets
  4 bog bodies
  9 tyrant leeches
  12 blink frogs
  12 hippogriffs
  2 shadows
  5 spriggans
  2 wyverns
  A basilisk (Lair:6)
  47 yaks
  10 vampire mosquitoes
  A steam dragon (Lair:6)
  6 swamp worms
  4 insubstantial wisps (Swamp:2)
  An acid dragon (Lair:6)
  6 water moccasins
  7 porcupines
  7 swamp drakes
  A black bear (D:5)
  3 orc warriors
  An ice beast (D:6)
  4 ogres
  2 necrophages
  6 phantoms
  4 sky beasts
  6 wolves (Lair:4)
  15 crocodiles
  6 centaurs
  9 bullfrogs
  A gnoll sergeant (D:9)
  27 killer bees (Lair:3)
  A scorpion (D:5)
  A troll zombie (D:11)
  4 crimson imps
  A bullfrog zombie (D:7)
  3 orc priests
  4 centaur zombies
  5 hounds
  3 centaur skeletons
  A jelly (D:11)
  2 bullfrog skeletons
  7 orc wizards
  7 iguanas
  6 worker ants
  4 hell rats
  7 ogre zombies (D:11)
  18 adders
  4 gnolls (D:9)
  5 river rats (Lair:6)
  2 oozes
  An adder skeleton (D:6)
  2 worms
  5 dart slugs
  12 leopard geckos
  25 orcs
  3 ball pythons
  2 bat zombies (D:5)
  3 giant cockroaches (D:1)
  7 goblins
  7 hobgoblins
  9 jackals
  7 quokkas
  7 bats
  7 frilled lizards
  3 goblin skeletons (D:11)
  4 goblin zombies (D:11)
  A hobgoblin skeleton (D:11)
  A hobgoblin zombie (D:11)
  10 kobolds
  2 leopard gecko skeletons
  3 orc skeletons (D:11)
  13 orc zombies (D:11)
  18 rats
  2 rat zombies (D:5)
  A fungus (Lair:5)
580 creatures vanquished.

Vanquished Creatures (others)
  2 briar patches (Swamp:2)
  15 fungi
  47 plants
64 creatures vanquished.

Grand Total: 644 creatures vanquished

Notes
Turn   | Place    | Note
-------+----------+-------------------------------------------
     0 | D:1      | bli the Minotaur Monk began the quest for the Orb.
     0 | D:1      | Reached XP level 1. HP: 19/19 MP: 0/0
   217 | D:1      | Reached XP level 2. HP: 21/26 MP: 1/1
   669 | D:1      | Reached XP level 3. HP: 33/33 MP: 2/2
   969 | D:2      | Reached skill level 4 in Fighting
  1038 | D:2      | Reached XP level 4. HP: 11/40 MP: 3/3
  1404 | D:2      | Reached skill level 5 in Long Blades
  1747 | D:2      | Reached XP level 5. HP: 44/47 MP: 4/4
  2141 | D:3      | Reached skill level 5 in Dodging
  2618 | D:3      | Reached skill level 1 in Armour
  2618 | D:3      | Reached XP level 6. HP: 30/53 MP: 5/5
  2816 | D:3      | Found an ornate altar of the Wu Jian Council.
  2827 | D:3      | Became a worshipper of the Wu Jian Council
  2827 | D:3      | Reached * piety under Wu Jian
  2827 | D:3      | Reached ** piety under Wu Jian
  2830 | D:3      | Found an opulent altar of Gozag.
  2832 | D:3      | Found a glowing silver altar of Zin.
  2835 | D:3      | Found a basalt altar of Yredelemnul.
  3519 | D:4      | Reached skill level 5 in Fighting
  3762 | D:4      | Reached XP level 7. HP: 54/61 MP: 6/6
  4357 | D:5      | Entered Level 5 of the Dungeon
  4467 | D:5      | Reached XP level 8. HP: 45/69 MP: 7/7
  4473 | D:5      | Found a staircase to the Ecumenical Temple.
  4595 | D:5      | Reached skill level 5 in Armour
  4874 | D:5      | Reached skill level 6 in Fighting
  4888 | D:5      | Reached *** piety under Wu Jian
  5115 | D:5      | Found an ancient bone altar of Kikubaaqudgha.
  5438 | D:6      | You fall through a shaft for 3 floors!
  5481 | D:9      | Found a blossoming altar of Fedhas.
  5557 | D:9      | Reached skill level 1 in Short Blades
  5742 | D:9      | Reached XP level 9. HP: 64/78 MP: 8/8
  5886 | D:8      | Reached skill level 7 in Fighting
  6316 | D:6      | Gained mutation: You evolve. [potion of mutation]
  6316 | D:6      | Gained mutation: Scrolls take you a little longer to read.
                  | [potion of mutation]
  6316 | D:6      | Gained mutation: Your muscles are strong. (Str +2) [potion
                  | of mutation]
  6869 | D:7      | Gained mutation: Scrolls take you longer to read.
                  | [evolution]
  7108 | D:7      | Reached skill level 8 in Fighting
  7789 | D:8      | Noticed Pikel
  7801 | D:8      | Killed Pikel
  7801 | D:8      | Reached skill level 5 in Short Blades
  7937 | D:8      | Found a glowing golden altar of the Shining One.
  8018 | D:8      | Reached XP level 10. HP: 88/89 MP: 9/9
  8200 | D:9      | Found Xatuenn's Armour Shoppe.
  8235 | D:9      | Bought a +0 pair of boots of flying for 172 gold pieces
  8235 | D:9      | Bought a +0 buckler of cold resistance for 172 gold pieces
  8506 | D:10     | Entered Level 10 of the Dungeon
  8506 | D:10     | Noticed a death yak
  8512 | D:10     | Noticed a death yak
  8631 | D:10     | Found a hazy altar of Hepliaklqana.
  8672 | D:10     | Reached skill level 1 in Shields
  8681 | D:10     | Reached **** piety under Wu Jian
  9188 | D:10     | Noticed a death yak
  9200 | D:10     | Killed a death yak
  9200 | D:10     | Reached skill level 9 in Fighting
  9200 | D:10     | Reached skill level 10 in Long Blades
  9587 | D:11     | Noticed a two-headed ogre
  9597 | D:11     | Killed a two-headed ogre
  9724 | D:11     | Found a staircase to the Orcish Mines.
  9992 | D:10     | Found a staircase to the Lair.
 10091 | D:10     | Reached XP level 11. HP: 87/97 MP: 10/10
 10198 | D:10     | Killed a death yak
 10217 | D:10     | Killed a death yak
 10458 | D:10     | Gained mutation: You have an increased reservoir of magic.
                  | (+10% MP) [evolution]
 10811 | D:11     | Noticed Gastronok
 10835 | D:11     | Killed Gastronok
 10835 | D:11     | Reached skill level 10 in Fighting
 10951 | Lair:1   | Entered Level 1 of the Lair of Beasts
 11098 | Lair:1   | Reached ***** piety under Wu Jian
 11098 | Lair:1   | Reached skill level 1 in Evocations
 11439 | Lair:1   | Reached skill level 11 in Fighting
 12129 | Lair:2   | Found a staircase to the Snake Pit.
 12256 | Lair:2   | Noticed an anaconda
 12433 | Lair:2   | Killed an anaconda
 12756 | Lair:2   | Noticed a four-headed hydra
 12775 | Lair:2   | Killed a four-headed hydra
 12775 | Lair:2   | Reached XP level 12. HP: 70/110 MP: 13/13
 12963 | Lair:2   | Noticed a death yak
 12998 | Lair:2   | Killed a death yak
 12998 | Lair:2   | Reached skill level 5 in Stealth
 14061 | Snake:1  | Entered Level 1 of the Snake Pit
 14074 | Snake:1  | Noticed Frances
 14463 | Lair:3   | Reached skill level 5 in Shields
 14567 | Lair:3   | Reached skill level 12 in Fighting
 14932 | Lair:3   | Reached skill level 10 in Dodging
 15446 | Lair:4   | Noticed an eight-headed hydra
 15485 | Lair:4   | Got a crude ring mail
 15570 | Lair:4   | Reached XP level 13. HP: 77/119 MP: 16/16
 15601 | Lair:4   | Identified the +2 ring mail of the Ward {-Tele rF+++ MR-
                  | rCorr} (You found it on level 4 of the Lair of Beasts)
 15655 | Lair:4   | Gained mutation: Armour fits poorly on your strangely
                  | shaped body. [evolution]
 16262 | Lair:4   | Found a staircase to the Swamp.
 16554 | Swamp:1  | Entered Level 1 of the Swamp
 16764 | Swamp:1  | Upgraded the game from 0.23-a0-860-g8ff03fb to
                  | 0.24-a0-92-g7d8ec57
 16795 | Swamp:1  | Reached ****** piety under Wu Jian
 16889 | Swamp:1  | Reached skill level 10 in Armour
 17568 | Swamp:1  | Reached skill level 13 in Fighting
 17989 | Swamp:1  | Reached skill level 5 in Evocations
 18608 | Swamp:1  | Upgraded the game from 0.24-a0-92-g7d8ec57 to
                  | 0.24-a0-93-ge1bfdf8
 18878 | Swamp:2  | Reached skill level 10 in Short Blades
 19878 | Swamp:2  | Reached XP level 14. HP: 63/129 MP: 18/18
 20358 | Lair:4   | Gained mutation: You have large cloven feet. [evolution]
 20709 | Lair:5   | Identified 2 scrolls of acquirement
 22657 | Lair:6   | Entered Level 6 of the Lair of Beasts
 22683 | Lair:5   | Got a transparent short sword
 22684 | Lair:5   | Identified the +5 short sword of the Spectre {venom, rF+
                  | Int+7} (You acquired it on level 5 of the Lair of Beasts)
 23402 | Lair:6   | Reached skill level 14 in Fighting
 23691 | Lair:6   | Lost mutation: Scrolls take you longer to read. [evolution]
 23708 | Lair:6   | Found a viscous altar of Jiyva.
 23710 | Lair:6   | Found a staircase to the Slime Pits.
 23779 | Lair:6   | Noticed Rupert
 23815 | Lair:6   | Killed Rupert
 25505 | Lair:6   | Found a runed translucent door.
 25692 | Lair:6   | Upgraded the game from 0.24-a0-93-ge1bfdf8 to
                  | 0.24-a0-117-g53b5160
 25900 | Lair:6   | Reached XP level 15. HP: 119/139 MP: 20/20
 26620 | Swamp:2  | Noticed a thorn hunter
 26673 | Swamp:2  | Killed from afar by a thorn hunter

Levels and vault maps discovered:
D:1:      dpeg_arrival_fog, hex_large, minmay_three_crescents
D:3:      minmay_octagon_keep, minitemple, minmay_misc_feat_tiny,
          kennysheep_doodads
D:4:      serial_rivers, chequers_serial_rivers_micro_e,
          chequers_serial_rivers_micro_d, chequers_serial_rivers_micro_b,
          chequers_serial_rivers_micro_c
D:5:      lemuel_zombie_altar_kikubaaqudgha, minmay_temple_entry_junction,
          first_ration
D:6:      enter_ossuary_5
D:8:      tso_oasis_becter, uniq_pikel
D:9:      fedhas_altar_2, serial_shops, shop, the_bakery
D:10:     dpeg_lair_monsters, basic_altar
D:11:     zombieorc2_lemuel, chequers_serial_rivers_large_a, uniq_gastronok
Lair:2:   dummy_snake_entry, minmay_shattered_shrine
Lair:3:   regret_index_wax_grids, serial_bayou_pond_c
Lair:4:   palyth_hydra_swamp_entry, serial_bayou_shore_a
Lair:5:   layout_cave_pods, minmay_lair_oklob_chamber
Lair:6:   wormcave, layout_regular_city, guppyfry_lair_end_dragon,
          slime_altar_1, kennysheep_abandoned_house, lemuel_fruit_tree,
          uniq_rupert
Swamp:1:  evilmike_swamp_ruin_rubble_2, infiniplex_staircase_pool
Swamp:2:  layout_basic_swamp, hangedman_swamp_blocks, uniq_roxanne
Snake:1:  serial_bayou_lake_a, uniq_kirke, uniq_frances

Skill      XL: |  1  2  3  4  5  6  7  8  9 10 11 12 13 14 15 |
---------------+----------------------------------------------+-----
Long Blades    | 4 5 6 8 9 10 11 12 13 | 13.7
Dodging        | 4 5 6 7 8 9 10 11 12 | 12.0
Fighting       | 4 5 6 8 9 11 12 13 14 | 14.4
Stealth        | 2 3 4 5 6 7 |  7.2
Armour         | 1 2 4 6 7 8 9 10 11 | 11.3
Short Blades   | 1 5 6 7 9 10 12 | 12.5
Shields        | 4 5 6 |  6.0
Evocations     | 1 4 5 6 |  6.1

Action                   |  1- 3 |  4- 6 |  7- 9 | 10-12 | 13-15 || total
-------------------------+-------+-------+-------+-------+-------++-------
Melee: Falchion          |    75 |   199 |   175 |   286 |   255 ||   990
       Headbutt          |     6 |    44 |    80 |   224 |   400 ||   754
       Short sword       |       |       |   190 |   532 |  1080 ||  1802
       Unarmed           |       |       |       |       |     4 ||     4
Throw: Stone             |     1 |    13 |    22 |    18 |       ||    54
       Tomahawk          |       |       |       |     6 |     2 ||     8
Invok: Whirlwind         |       |     8 |    77 |   187 |   179 ||   451
       Lunge             |       |     7 |    46 |    76 |    90 ||   219
       Heavenly Storm    |       |       |       |       |     1 ||     1
       Serpent's Lash    |       |       |       |       |     1 ||     1
 Abil: Wall Jump         |       |       |     1 |       |     5 ||     6
Evoke: Wand              |       |       |       |     4 |    33 ||    37
       Lamp of fire      |       |       |       |     1 |     1 ||     2
  Use: Scroll            |       |     1 |    12 |     8 |    10 ||    31
       Potion            |       |       |     1 |     2 |     3 ||     6
 Stab: Sleeping          |     5 |     7 |     2 |    11 |    13 ||    38
       Distracted        |       |     1 |       |     1 |     6 ||     8
       Confused          |       |       |       |     6 |       ||     6
  Eat: Chunk             |       |     9 |    14 |    18 |    21 ||    62
       Ration            |       |       |       |     2 |     4 ||     6
Armor: Robe              |    16 |    13 |       |       |       ||    29
       Ring mail         |       |    44 |    96 |   135 |   184 ||   459
       Skin              |       |       |       |     5 |       ||     5
Dodge: Dodged            |    49 |   116 |   168 |   295 |   510 ||  1138
Block: Buckler           |       |       |       |   100 |   178 ||   278
       Rpst.: Falchion   |    14 |    19 |    33 |    21 |    13 ||   100

Table legend:
 A = Non-vault XP
 B = Vault XP
 C = Vault XP percentage of total XP
 D = Non-vault monster count
 E = Vault monster count
 F = Vault count percentage of total count
                 A         B        C        D         E       F
            +---------+---------+-------+---------+---------+-------
      Total |   69677 |   38006 |  35.3 |     397 |     182 |  31.4
            +---------+---------+-------+---------+---------+-------
        D:1 |      30 |      14 |  31.8 |      16 |       6 |  27.3
        D:2 |     141 |       0 |   0.0 |      35 |       0 |   0.0
        D:3 |     377 |      24 |   6.0 |      41 |       8 |  16.3
        D:4 |     609 |       0 |   0.0 |      14 |       0 |   0.0
        D:5 |    1197 |       6 |   0.5 |      27 |       4 |  12.9
        D:6 |     756 |       0 |   0.0 |      21 |       0 |   0.0
        D:7 |     595 |       0 |   0.0 |      10 |       0 |   0.0
        D:8 |     666 |     607 |  47.7 |      11 |       1 |   8.3
        D:9 |     710 |     243 |  25.5 |      12 |       2 |  14.3
       D:10 |    2319 |    2630 |  53.1 |      14 |       4 |  22.2
       D:11 |    2505 |    3021 |  54.7 |       7 |      37 |  84.1
     Lair:1 |    2547 |       0 |   0.0 |      13 |       0 |   0.0
     Lair:2 |    1654 |    4589 |  73.5 |       7 |       9 |  56.2
     Lair:3 |    4056 |    6860 |  62.8 |      19 |      47 |  71.2
     Lair:4 |    4977 |    2761 |  35.7 |      19 |       6 |  24.0
     Lair:5 |    6090 |    3355 |  35.5 |      15 |       7 |  31.8
     Lair:6 |   14858 |   13896 |  48.3 |      49 |      51 |  51.0
    Swamp:1 |   14671 |       0 |   0.0 |      39 |       0 |   0.0
    Swamp:2 |   10919 |       0 |   0.0 |      28 |       0 |   0.0
            +---------+---------+-------+---------+---------+-------
